 Dungeon Crawl Stone Soup version 0.26.1-10-gdfb7c7de75 (webtiles) character file.

Game seed: 11997939231788815476

55 Phaedo the Sneak (level 3, -9/26 HPs)
             Began as an Octopode Delver on Apr 4, 2021.
             Killed by divine providence
             ... invoked by an orc priest
              (11 damage)
             ... on level 3 of the Dungeon.
             The game lasted 00:04:15 (2446 turns).

Phaedo the Sneak (Octopode Delver)                  Turns: 2446, Time: 00:04:16

Health: -9/26      AC:  1    Str: 11    XL:     3   Next: 93%
Magic:  3/3        EV: 14    Int: 13    God:
Gold:   133        SH:  0    Dex: 13    Spells: 2/2 levels left

rFire    . . .     SeeInvis .   a - +0 spear
rCold    . . .     Faith    .   (no shield)
rNeg     . . .     Spirit   .   (helmet restricted)
rPois    .         Reflect  .   (no amulet)
rElec    .         Harm     .   (no ring)
rCorr    .         Rampage  .   (no ring)
Will     .....                  (no ring)
Stlth    ++++......             (no ring)
HPRegen  0.08/turn              (no ring)
MPRegen  0.08/turn              (no ring)
                                (no ring)
                                (no ring)

@: no status effects
A: almost no armour, stealthy swim, amphibious, 8 rings, constrict 8, camouflage
1, gelatinous body 1
a: no special abilities


You were on level 3 of the Dungeon.
You visited 1 branch of the dungeon, and saw 5 of its levels.

You collected 133 gold pieces.

Inventory:

Hand Weapons
 a - a +0 spear (weapon)
 b - a +0 hunting sling
 q - a cursed -2 spear
Missiles
 h - 20 sling bullets
 i - 122 stones (quivered)
Jewellery
 o - an uncursed ring of magical power {unknown}
Wands
 f - a wand of digging (3)
Scrolls
 c - a scroll of magic mapping
 d - 2 scrolls of fear
 g - a scroll of remove curse {unknown}
 j - a scroll of teleportation
 k - a scroll of fog
 l - a scroll of enchant weapon {unknown}
Potions
 e - 2 potions of haste
 m - a potion of degeneration {unknown}
 n - 3 potions of flight {unknown}
 p - 2 potions of curing {unknown}
 r - a potion of brilliance {unknown}
 s - a potion of heal wounds {unknown}


   Skills:
 - Level 3.0 Fighting
 + Level 2.8 Polearms
 + Level 2.8 Dodging
 + Level 7.2 Stealth


You had 2 spell levels left.
You didn't know any spells.
Your spell library was empty.

Dungeon Overview and Level Annotations

Branches:
Dungeon (5/15)
 Temple: D:4-7

Altars:


Innate Abilities, Weirdness & Mutations

You cannot wear most types of armour.
You are very stealthy in the water. (Stealth+)
You are amphibious.
You can wear up to eight rings at the same time.
You can use your tentacles to constrict eight enemies at once.
Your skin changes colour to match your surroundings (Stealth+).
Your rubbery body absorbs attacks. (AC +1, EV +1)


Message History

You hit the orc. Your grab misses the orc.
The orc is almost dead.
The orc misses you.
You hit the orc.
You kill the orc!
You start waiting.
An orc priest is nearby!
A bat comes into view.
The bat moves out of view.
You see here an orc corpse.
The orc priest shouts!
The orc priest calls down the wrath of Beogh upon you.
Pain shoots through your body!
The orc priest mumbles some strange prayers to Beogh against you.
Beogh smites you!
Ouch! That really hurt!
* * * LOW HITPOINT WARNING * * *
The orc priest calls down the wrath of Beogh upon you.
Beogh smites you!
You die...

### .. ### #. ### #.
#.##### #..
..###.....####.##
.......o.......>#.#####
#.........####..#.....#
#....##.#.####..#####.##
#....†o.#.o...o.@..<...#
#..w.####.##########...##
####. #...............#
.w ############.#.## ...
#.†.......).#.# ....
#.###########.# .....
#.......†.....# .....
###############


You could see an orc priest and an orc.

Vanquished Creatures
  A dart slug (D:1)
  3 leopard geckos
  2 orcs (D:3)
  4 ball pythons
  4 bats (D:2)
  2 giant cockroaches
  4 goblins
  5 hobgoblins
  3 jackals (D:2)
  7 kobolds
  2 quokkas (D:2)
  6 rats
43 creatures vanquished.

Notes
Turn   | Place    | Note
-------+----------+-------------------------------------------
     0 | D:5      | Phaedo the Octopode Delver began the quest for the Orb.
     0 | D:5      | Reached XP level 1. HP: 16/16 MP: 1/1
    18 | D:5      | Noticed an orc wizard
   109 | D:4      | Noticed a worker ant
   215 | D:2      | Reached XP level 2. HP: 14/21 MP: 2/2
   716 | D:1      | Reached skill level 7 in Stealth
   817 | D:1      | You fall into a shaft and drop 1 floor!
   827 | D:2      | Reached XP level 3. HP: 22/26 MP: 3/3
  2446 | D:3      | Killed from afar by an orc priest

Illustrated notes

Levels and vault maps discovered:
D:1:      lightli_arrival_farm, layout_loops_corners
D:2:      layout_basic
D:3:      layout_basic, chequers_temple_overflow_statue_of_worship,
          minmay_ogre_servants
D:4:      layout_rooms, uniq_crazy_yiuf_cottage
D:5:      kennysheep_slugbush, layout_basic, dancing_weapons_uskayaw,
          nicolae_gozag_zags_fifth_avenue, lemuel_doored_altar,
          chequers_serial_rivers_micro_c, corexii_corridor_pit,
          lightli_corner_chamber

Skill      XL: |  1  2 |
---------------+-------+-----
Stealth        | 7 |  7.2
Fighting       | |  3.0
Polearms       | |  2.8
Dodging        | |  2.8

Action                   || total
-------------------------++-------
Melee: Spear             ||    59
       Constrict         ||    12
       Tentacles         ||     6
 Fire: Hunting sling     ||    41
  Use: Scroll            ||     1
 Stab: Sleeping          ||    13
Armor: Skin              ||     3
Dodge: Dodged            ||    25
